 Dungeon Crawl Stone Soup version 0.25-a0-424-g80bd347ae0 (webtiles) character file.

Game seed: 13510073131688341570, levelgen mode: deterministic

926 Kohma the Transmogrifier (level 8, -8/64 HPs)
             Began as a Naga Transmuter on Jan 23, 2020.
             Was an Initiate of Cheibriados.
             Mangled by an ice beast (11 damage)
             ... on level 5 of the Dungeon.
             The game lasted 00:20:31 (5995 turns).

Kohma the Transmogrifier (Naga Transmuter)          Turns: 5995, Time: 00:20:31

Health: -8/64      AC:  2    Str: 13    XL:     8   Next: 10%
Magic:  10/13      EV: 19    Int: 18    God:    Cheibriados [......]
Gold:   111        SH:  0    Dex: 17    Spells: 3/14 levels left

rFire    . . .     SeeInvis +     - Unarmed
rCold    . . .     Gourm    +   (shield currently unavailable)
rNeg     . . .     Faith    .   (armour currently unavailable)
rPois    x         Spirit   .   (helmet currently unavailable)
rElec    .         Reflect  .   (cloak currently unavailable)
rCorr    .         Harm     .   (gloves currently unavailable)
MR       +....                  (no barding)
Stlth    ++........             s - amulet of the gourmand
HPRegen  0.20/turn              z - ring of wizardry
MPRegen  0.13/turn              (no ring)

@: spider-form, very slow
A: tiny, see invisible, slow metabolism 1, spit poison 1, AC +2
a: Spit Poison, End Transformation, Bend Time, Renounce Religion


You were on level 5 of the Dungeon.
You worshipped Cheibriados.
Cheibriados was noncommittal.
You were completely stuffed.
You were a venomous arachnid creature.
You visited 2 branches of the dungeon, and saw 6 of its levels.

You collected 328 gold pieces.
You spent 217 gold pieces at shops.

Inventory:

Missiles
 a - 69 arrows
 u - 14 poisoned darts (quivered)
Armour
 g - a +0 cloak (melded)
 o - a cursed +0 chain mail
 y - a +2 robe of magic resistance (melded)
Jewellery
 s - an amulet of the gourmand (around neck)
 z - a ring of wizardry (left front leg)
Wands
 t - a wand of random effects (1)
Scrolls
 c - 3 scrolls of remove curse
 k - 7 scrolls of teleportation
Potions
 e - a potion of curing
 h - a potion of cancellation {unknown}
 i - 2 potions of heal wounds
 j - 6 potions of flight
 l - 3 potions of brilliance
 p - 2 potions of mutation
 r - 2 potions of might
 w - 3 potions of magic {unknown}
 x - a potion of resistance {unknown}
Comestibles
 d - 9 rations


   Skills:
 + Level 1.3 Fighting
 + Level 1.7 Dodging
 - Level 3.5 Unarmed Combat
 - Level 3.5 Spellcasting
 * Level 8.2 Transmutations
 + Level 0.7 Invocations


You had 3 spell levels left.
You knew the following spells:

 Your Spells              Type           Power        Failure   Level  Hunger
a - Beastly Appendage     Tmut           ####..       1%          1    None
b - Sticks to Snakes      Tmut           ####....     1%          2    ##.....
c - Spider Form           Tmut/Pois      ###.......   9%          3    ###....
d - Blade Hands           Tmut           ####......   13%         5    ######.

Your spell library contained the following spells:

 Spells                   Type           Power        Failure   Level  Hunger
 Ice Form                 Ice/Tmut       ###.....     22%         4    ####...


Dungeon Overview and Level Annotations

Branches:
Dungeon (5/15)             Temple (1/1) D:5

Altars:
Ashenzari
Cheibriados
Dithmenos
Elyvilon
Gozag
Hepliaklqana
Kikubaaqudgha
Makhleb
Nemelex Xobeh
Okawaru
Qazlal
Ru
Trog
Uskayaw
Vehumet
Wu Jian
Xom
Zin
The Shining One

Shops:
D:4 (*!*


Innate Abilities, Weirdness & Mutations

You cannot wear boots.
((Your serpentine skin is tough. (AC +2)))
You have supernaturally acute eyesight. (SInv)
((Armour fits poorly on your strangely shaped body.))
((Your system is resistant to poisons. (rPois)))
((You cover ground very slowly.))
You have a slow metabolism.
You can spit poison.


Message History

The sky beast completely misses you.
You hit the ogre.
The ogre looks as sick as possible!
The ogre is almost dead.
You kill the ogre!
Cheibriados appreciates the change of pace.
You hit the sky beast.
The sky beast is lightly wounded.
The sky beast hits you. The sky beast shocks you. The ice beast misses you.
You bite the sky beast!
The sky beast looks as sick as possible!
The sky beast is moderately wounded.
The sky beast flickers out of sight for a moment.
The sky beast hits you. The sky beast shocks you. The ice beast hits you.
The ice beast freezes you!
* * * LOW HITPOINT WARNING * * *
The sky beast barely misses you. The ice beast hits you.
* * * LOW HITPOINT WARNING * * *
The ice beast freezes you!
You die...

..... ######### .....
#.......# ≈..≈.. #.......#
......##.......#
......'........##.
......')..........
S....[##.§.....# ≈..≈.
#.YY....# #...# ..s.
###s...## # #...# ...
#.##.##.# #...# ≈.
####.......# #...# .
#.##.......[# #...#
#.##÷.#.##..#####....
#######.##..#.##...........
#..........................
#.......##...#.#...........
#.......##........#####....


You could see an ice beast and a sky beast.

Vanquished Creatures
  Sigmund (D:3)
  3 ogres
  2 howler monkeys
  2 hounds (D:5)
  2 iguanas
  3 orc wizards
  2 worker ants (D:4)
  A worker ant zombie (D:5)
  7 adders
  An adder skeleton (D:4)
  3 worms
  3 dart slugs
  19 orcs
  2 ball pythons
  11 bats
  9 giant cockroaches
  9 goblins
  12 hobgoblins
  4 jackals (D:4)
  4 kobolds
  3 quokkas
  9 frilled lizards
  A leopard gecko skeleton (D:5)
  11 rats
124 creatures vanquished.

Vanquished Creatures (collateral kills)
  A hobgoblin (D:1)
  A bat (D:2)
2 creatures vanquished.

Grand Total: 126 creatures vanquished

Notes
Turn   | Place    | Note
-------+----------+-------------------------------------------
     0 | D:1      | Kohma the Naga Transmuter began the quest for the Orb.
     0 | D:1      | Reached XP level 1. HP: 18/18 MP: 3/3
   470 | D:1      | Reached XP level 2. HP: 20/25 MP: 3/5
   479 | D:1      | Learned a level 2 spell: Sticks to Snakes
   964 | D:1      | Reached XP level 3. HP: 25/31 MP: 4/6
  1638 | D:1      | Reached skill level 3 in Transmutations
  2063 | D:1      | Learned a level 3 spell: Spider Form
  2527 | D:2      | Reached XP level 4. HP: 38/38 MP: 5/7
  2828 | D:2      | Found a shimmering altar of Xom.
  3432 | D:3      | Found a faded altar of an unknown god.
  3660 | D:3      | Noticed Sigmund
  3676 | D:3      | Killed Sigmund
  3676 | D:3      | Reached skill level 5 in Transmutations
  3676 | D:3      | Reached XP level 5. HP: 9/44 MP: 3/10
  3676 | D:3      | Reached XP level 6. HP: 10/51 MP: 3/11
  4302 | D:4      | Reached skill level 6 in Transmutations
  4302 | D:4      | Reached XP level 7. HP: 54/57 MP: 4/12
  4328 | D:4      | Found Wuotseo's Weapon Emporium.
  4332 | D:4      | Bought 11 arrows for 30 gold pieces
  4332 | D:4      | Bought 16 arrows for 44 gold pieces
  4509 | D:4      | Found Yghovedasi's Distillery.
  4511 | D:4      | Found Isedghot's Assorted Antiques.
  4515 | D:4      | Bought a potion of curing for 39 gold pieces
  4515 | D:4      | Bought a potion of heal wounds for 65 gold pieces
  4677 | D:4      | Found Orubez's General Store.
  4682 | D:4      | Bought a scroll of teleportation for 39 gold pieces
  4754 | D:4      | Found an ancient bone altar of Kikubaaqudgha.
  4892 | D:4      | Learned a level 5 spell: Blade Hands
  5270 | D:4      | Found a glowing silver altar of Zin.
  5404 | D:5      | Entered Level 5 of the Dungeon
  5422 | D:5      | Reached skill level 7 in Transmutations
  5615 | D:5      | Found a staircase to the Ecumenical Temple.
  5654 | Temple   | Entered the Ecumenical Temple
  5665 | Temple   | Became a worshipper of Cheibriados the Contemplative
  5885 | D:5      | Reached skill level 8 in Transmutations
  5970 | D:5      | Reached XP level 8. HP: 62/64 MP: 9/13
  5995 | D:5      | HP: 3/64 [ice beast (3)]
  5995 | D:5      | Mangled by an ice beast

Levels and vault maps discovered:
D:1:      wander_arrival_desolate, layout_basic, minmay_crystal_water,
          chequers_serial_rivers_marsh, minmay_strange_pillars, hex_large
D:2:      layout_basic, xom_butterflies, first_ration
D:3:      layout_basic, chequers_ecumenical_altar_simple_redux, uniq_sigmund
D:4:      layout_loops_ring, zin_treasury, kennysheep_little_box, serial_shops,
          shop, shop_statue, shop_fountains, shop
D:5:      layout_loops_cross, fedhas_altar_2, minmay_temple_entry_glassed_door,
          kennysheep_dice
Temple:   eino_temple_scatter_basement

Skill      XL: |  1  2  3  4  5  6  7 |
---------------+----------------------+-----
Transmutations | 3 5 6 8 |  8.2
Spellcasting   | 3 |  3.5
Fighting       | |  1.3
Dodging        | |  1.7
Unarmed Combat | |  3.5
Invocations    | |  0.7

Action                   |  1- 3 |  4- 6 |  7- 9 || total
-------------------------+-------+-------+-------++-------
Melee: Unarmed           |   158 |   150 |   143 ||   451
       Headbutt          |    12 |    11 |     1 ||    24
       Punch             |     1 |       |       ||     1
 Cast: Beastly Appendage |    27 |    16 |     1 ||    44
       Sticks to Snakes  |     5 |       |       ||     5
       Spider Form       |     1 |     8 |    15 ||    24
  Use: Scroll            |       |       |    12 ||    12
       Potion            |       |       |     1 ||     1
 Stab: Sleeping          |       |     1 |       ||     1
  Eat: Chunk             |     4 |     6 |    17 ||    27
Armor: Robe              |    70 |    46 |     4 ||   120
       Skin              |       |     9 |    14 ||    23
Dodge: Dodged            |   123 |   121 |   135 ||   379

Table legend:
 A = Non-vault XP
 B = Vault XP
 C = Vault XP percentage of total XP
 D = Non-vault monster count
 E = Vault monster count
 F = Vault count percentage of total count
                 A         B        C        D         E       F
            +---------+---------+-------+---------+---------+-------
      Total |    1101 |     222 |  16.8 |     124 |       2 |   1.6
            +---------+---------+-------+---------+---------+-------
        D:1 |      52 |       0 |   0.0 |      30 |       0 |   0.0
        D:2 |      58 |       0 |   0.0 |      23 |       0 |   0.0
        D:3 |      84 |     220 |  72.4 |      27 |       1 |   3.6
        D:4 |     405 |       0 |   0.0 |      25 |       0 |   0.0
        D:5 |     502 |       2 |   0.4 |      19 |       1 |   5.0
            +---------+---------+-------+---------+---------+-------
